[Event "10th Cesme Open-A 2024"]
[Site "Cesme"]
[Date "2024.06.25"]
[Round "3"]
[White "Koksal, Ege"]
[Black "Yermolinsky, Alex"]
[Result "1/2-1/2"]
[ECO "D38"]
[WhiteElo "2297"]
[BlackElo "2421"]
[Annotator "RC"]
[PlyCount "74"]
[EventDate "2024.06.23"]
[EventType "swiss"]
[EventCountry "TUR"]
[SourceTitle "playchess.com"]
[Source "ChessBase"]
[SourceQuality "1"]
[TimeControl "5400+30"]

1. d4 Nf6 2. Nf3 e6 3. c4 d5 4. Nc3 Bb4 5. Bg5 h6 6. Bxf6 Qxf6 7. Rc1 dxc4 8. Qa4+ Nc6 9. e3 Bd7 10. Qc2 b5 11. Be2 O-O 12. O-O a6 13. b3 cxb3 14. axb3 Ba3 15. Ra1 Bd6 16. Qd2 Qe7 17. Ne4 Rfd8 18. Rfc1 Be8 19. Qc3 Ba3 20. Rc2 Nb4 21. Rd2 Nd5 22. Qc2 a5 23. Ne5 a4 24. bxa4 Bb4 25. Rd3 Bd6 26. Nc6 Bxc6 27. Qxc6 bxa4 28. Rxa4 Rxa4 29. Qxa4 Bxh2+ 30. Kxh2 Qh4+ 31. Kg1 Qxe4 32. Qd1 Ra8 33. Bf3 Qh4 34. g3 Qf6 35. Kg2 Qg6 36. Rd2 Rb8 37. Rc2 Qg5 1/2-1/2

[Event "10th Cesme Open-A 2024"]
[Site "Cesme"]
[Date "2024.06.25"]
[Round "3"]
[White "Erten, Kerem"]
[Black "Cakiroglu, Metin"]
[Result "1-0"]
[ECO "B30"]
[WhiteElo "2277"]
[BlackElo "2039"]
[Annotator "RC"]
[PlyCount "78"]
[EventDate "2024.06.23"]
[EventType "swiss"]
[EventCountry "TUR"]
[SourceTitle "playchess.com"]
[Source "ChessBase"]
[SourceQuality "1"]
[TimeControl "5400+30"]

1. e4 c5 2. Nf3 Nc6 3. Bb5 Nd4 4. Nxd4 cxd4 5. c3 Nf6 6. d3 Qa5 7. Ba4 e6 8. O-O dxc3 9. Nxc3 Be7 10. Bd2 Qh5 11. Qxh5 Nxh5 12. g4 Nf6 13. g5 Nh5 14. Bd1 g6 15. Bxh5 gxh5 16. Nb5 Kd8 17. Be3 b6 18. Rfc1 Rg8 19. Kh1 Bb7 20. h4 Bc6 21. a4 Kc8 22. a5 Kb7 23. a6+ Kc8 24. Kh2 e5 25. f4 Kb8 26. Nc3 f6 27. fxe5 fxe5 28. Rf1 Kc7 29. Rf7 Bb4 30. Raf1 Raf8 31. Nd5+ Bxd5 32. exd5 Be7 33. R1f2 Kd6 34. Rxh7 Rxf2+ 35. Bxf2 Bd8 36. Bg3 Kxd5 37. Rxd7+ Kc6 38. Rh7 Kb5 39. Rxa7 Rh8 1-0

[Event "10th Cesme Open-A 2024"]
[Site "Cesme"]
[Date "2024.06.25"]
[Round "3"]
[White "Barrish, Daniel"]
[Black "Durak, Can"]
[Result "1-0"]
[ECO "D35"]
[WhiteElo "2256"]
[BlackElo "2442"]
[Annotator "TA"]
[PlyCount "51"]
[EventDate "2024.06.23"]
[EventType "swiss"]
[EventCountry "TUR"]
[SourceTitle "playchess.com"]
[Source "ChessBase"]
[SourceQuality "1"]
[TimeControl "5400+30"]

1. d4 d5 2. c4 e6 3. Nc3 Nf6 4. cxd5 exd5 5. Bg5 Bb4 6. e3 h6 7. Bh4 g5 8. Bg3 h5 9. h4 Ne4 {[%emt 0:00:30] The position is equal.} 10. Nge2 Bg4 {[%emt 0:00:30] [#] ...Nxc3 is the strong threat.} 11. Qb3 Nxg3 12. Nxg3 Nc6 13. hxg5 (13. Nge2 $16) 13... Qxg5 $11 14. Bb5 Bxc3+ 15. Qxc3 Rh6 16. Be2 (16. Ne2 $11) 16... h4 (16... Bxe2 $15 17. Nxe2 O-O-O (17... Qxg2 18. Rg1 $11)) 17. Bxg4 $1 Qxg4 18. Qd3 Ne7 19. Qb5+ Kf8 20. Qxb7 Rc8 {[%emt 0:00:30] [#] And now ...Rb6 would win.} 21. Qb5 Qg5 22. Nf1 Qxg2 23. Rh2 Qg5 24. Rc1 Rb6 25. Qd7 Rxb2 $2 (25... f5 $11) 26. f4 {[%emt 0:00:30] Weighted Error Value: White=0.18 (very precise) /Black=0.45.  Loses game:     	---       	Black=1      Mistake:       	White=2     	Black=1      Inaccurate:     	White=3     	Black=2      OK:         	White=6     	Black=8      Best:        	White=1     	Black=1      Strong:       	White=1     	---} (26. Rxc7 $2 {too greedy.} Rxc7 27. Qd8+ Kg7 28. Qxc7 Qg6 $19 (28... Rxa2 $2 29. f4 $19)) 1-0

[Event "10th Cesme Open-A 2024"]
[Site "Cesme"]
[Date "2024.06.25"]
[Round "3"]
[White "Ozcan, Kaan"]
[Black "Samani, Yamac"]
[Result "1-0"]
[ECO "E42"]
[WhiteElo "2227"]
[BlackElo "2360"]
[Annotator "RC"]
[PlyCount "79"]
[EventDate "2024.06.23"]
[EventType "swiss"]
[EventCountry "TUR"]
[SourceTitle "playchess.com"]
[Source "ChessBase"]
[SourceQuality "1"]
[TimeControl "5400+30"]

1. d4 Nf6 2. c4 e6 3. Nc3 Bb4 4. e3 O-O 5. Bd3 c5 6. Nge2 cxd4 7. exd4 d5 8. a3 Bxc3+ 9. Nxc3 dxc4 10. Bxc4 Nc6 11. Be3 b6 12. O-O Bb7 13. Qd2 Rc8 14. Ba2 Ne7 15. Bg5 Qd6 16. Bxf6 gxf6 17. f3 Rfd8 18. Rad1 f5 19. Qg5+ Ng6 20. d5 Qf4 21. Qf6 e5 22. d6 Rd7 23. Rfe1 Re8 24. Nd5 Bxd5 25. Bxd5 Rf8 26. b4 Qh6 27. Bc6 Rdd8 28. Rxe5 Qf4 29. Ree1 a5 30. Rd4 Qh6 31. Qxf5 Qg7 32. Red1 axb4 33. axb4 Kh8 34. b5 Rg8 35. Rg4 Qc3 36. d7 Rg7 37. Qe4 f5 38. Qxf5 Qe3+ 39. Kh1 Qe2 40. Rg1 1-0

[Event "10th Cesme Open-A 2024"]
[Site "Cesme"]
[Date "2024.06.25"]
[Round "3"]
[White "Ozdemir, Serhan Berat"]
[Black "Pacher, Milan"]
[Result "1/2-1/2"]
[ECO "C67"]
[WhiteElo "2225"]
[BlackElo "2387"]
[Annotator "RC"]
[PlyCount "86"]
[EventDate "2024.06.23"]
[EventType "swiss"]
[EventCountry "TUR"]
[SourceTitle "playchess.com"]
[Source "ChessBase"]
[SourceQuality "1"]
[TimeControl "5400+30"]

1. e4 e5 2. Nf3 Nc6 3. Bb5 Nf6 4. O-O Nxe4 5. Re1 Nd6 6. Bxc6 dxc6 7. Nxe5 Be7 8. d4 O-O 9. Qf3 Nf5 10. c3 c5 11. d5 Nh4 12. Qd1 Bd6 13. Nc4 Qf6 14. Qh5 h6 15. Nxd6 cxd6 16. Nd2 Bf5 17. Nf3 Rae8 18. Bd2 Ng6 19. h3 Be4 20. Nh2 Nf4 21. Bxf4 Qxf4 22. Re3 b5 23. Qe2 c4 24. Re1 Bd3 25. Qg4 Rxe3 26. Rxe3 Qxg4 27. hxg4 b4 28. Re7 bxc3 29. bxc3 Rb8 30. Nf3 Rb1+ 31. Kh2 Rc1 32. Nd4 Rxc3 33. Nb5 Rc1 34. Nxd6 c3 35. Re8+ Kh7 36. Nxf7 Rd1 37. Rh8+ Kg6 38. Ne5+ Kf6 39. Re8 Bf5 40. gxf5 c2 41. Nd3 Rxd3 42. Rc8 Rxd5 43. Rxc2 Rxf5 1/2-1/2

[Event "10th Cesme Open-A 2024"]
[Site "Cesme"]
[Date "2024.06.25"]
[Round "3"]
[White "Maruflu, Enes Yusuf"]
[Black "Ebrahimi Rashti, Asal"]
[Result "1/2-1/2"]
[ECO "C77"]
[WhiteElo "2141"]
[BlackElo "2001"]
[Annotator "RC"]
[PlyCount "105"]
[EventDate "2024.06.23"]
[EventType "swiss"]
[EventCountry "TUR"]
[SourceTitle "playchess.com"]
[Source "ChessBase"]
[SourceQuality "1"]
[TimeControl "5400+30"]

1. e4 e5 2. Nf3 Nc6 3. Bb5 a6 4. Ba4 Nf6 5. Nc3 b5 6. Bb3 Be7 7. d3 d6 8. a3 Be6 9. Nd5 Na5 10. Ba2 Nxd5 11. Bxd5 Bxd5 12. exd5 Nb7 13. b4 f5 14. Ng5 Bf6 15. Ne6 Qe7 16. Bg5 Bxg5 17. Qh5+ g6 18. Qxg5 Qxg5 19. Nxg5 Kd7 20. Kd2 h6 21. Nf3 g5 22. a4 a5 23. axb5 axb4 24. Rhb1 Rxa1 25. Rxa1 Nc5 26. d4 Ne4+ 27. Kc1 Re8 28. Ra7 Rb8 29. dxe5 dxe5 30. Nxe5+ Kd6 31. Nf7+ Kxd5 32. Nxh6 Nxf2 33. Nxf5 Rxb5 34. Rxc7 Ke5 35. Ne3 Kf4 36. Kd2 Ne4+ 37. Ke2 Nd6 38. Re7 Re5 39. g3+ Ke4 40. Rxe5+ Kxe5 41. Kd3 Nb5 42. Kc4 Nd4 43. Ng4+ Ke4 44. Nf6+ Ke5 45. Nd7+ Ke4 46. Nc5+ Ke3 47. h4 gxh4 48. gxh4 Nxc2 49. h5 Nd4 50. h6 Nf5 51. h7 Nd6+ 52. Kxb4 Nf7 53. Ne6 1/2-1/2

[Event "10th Cesme Open-A 2024"]
[Site "Cesme"]
[Date "2024.06.25"]
[Round "3"]
[White "Zeynalli, Rashad"]
[Black "Schekachikhin, Maksim"]
[Result "0-1"]
[ECO "A46"]
[WhiteElo "2127"]
[BlackElo "2343"]
[Annotator "RC"]
[PlyCount "82"]
[EventDate "2024.06.23"]
[EventType "swiss"]
[EventCountry "TUR"]
[SourceTitle "playchess.com"]
[Source "ChessBase"]
[SourceQuality "1"]
[TimeControl "5400+30"]

1. d4 Nf6 2. Bf4 e6 3. e3 c5 4. Nf3 Nc6 5. c3 Nh5 6. Bg5 Qb6 7. Nbd2 h6 8. Nc4 Qc7 9. Bh4 g5 10. g4 gxh4 11. gxh5 d5 12. Nce5 Nxe5 13. Nxe5 Bd6 14. Qa4+ Kd8 15. f4 Rg8 16. Kf2 Bxe5 17. dxe5 Bd7 18. Qc2 Bc6 19. Qh7 Ke7 20. Bd3 d4 21. Rhg1 dxe3+ 22. Ke2 Rxg1 23. Rxg1 c4 24. Bg6 Rf8 25. Qg7 Qd7 26. Kxe3 Qd5 27. Rf1 Qg2 28. Rf2 Qd5 29. Ke2 Ke8 30. Bc2 Qh1 31. Kd2 Ke7 32. Qf6+ Kd7 33. f5 Re8 34. Qxf7+ Kc8 35. Ke3 Qc1+ 36. Kd4 Rd8+ 37. Kxc4 Qxb2 38. Qxe6+ Kb8 39. Qd6+ Rxd6 40. exd6 Qb5+ 41. Kd4 Qb6+ 0-1

[Event "10th Cesme Open-A 2024"]
[Site "Cesme"]
[Date "2024.06.25"]
[Round "3"]
[White "Demirtas, Alper"]
[Black "Karaoglan, Kivanc"]
[Result "1/2-1/2"]
[ECO "E04"]
[WhiteElo "2057"]
[BlackElo "2274"]
[Annotator "RC"]
[PlyCount "104"]
[EventDate "2024.06.23"]
[EventType "swiss"]
[EventCountry "TUR"]
[SourceTitle "playchess.com"]
[Source "ChessBase"]
[SourceQuality "1"]
[TimeControl "5400+30"]

1. Nf3 d5 2. d4 Nf6 3. c4 e6 4. g3 dxc4 5. Bg2 c5 6. O-O Nc6 7. dxc5 Bxc5 8. Qxd8+ Kxd8 9. Nbd2 Ke7 10. Nxc4 Bd7 11. Be3 Bxe3 12. Nxe3 Rac8 13. Rac1 Rhd8 14. Rfd1 Be8 15. Rxd8 Rxd8 16. Kf1 Nd5 17. Nc4 f6 18. a3 e5 19. e4 Nc7 20. Ne3 g6 21. Ke1 Bf7 22. Bf1 a6 23. Bc4 Bxc4 24. Rxc4 Ke6 25. Nd2 Rd4 26. Rc1 Rd3 27. Ke2 Rd7 28. Nb3 Nd4+ 29. Nxd4+ exd4 30. Nc4 f5 31. Kd3 fxe4+ 32. Kxe4 Ne8 33. Re1 d3 34. Kf3+ Kf6 35. Rxe8 d2 36. Nxd2 Rxd2 37. Re2 Rd3+ 38. Re3 Rd2 39. b3 Ra2 40. a4 Rb2 41. g4 g5 42. Kg3 Rb1 43. h3 h6 44. Kf3 Rb2 45. Kg3 Rb1 46. Kg2 Kf7 47. Rd3 Ke6 48. Rd8 Rxb3 49. Rh8 Rb4 50. Rxh6+ Kf7 51. Rh7+ Kf6 52. Kg3 b6 1/2-1/2

[Event "10th Cesme Open-A 2024"]
[Site "Cesme"]
[Date "2024.06.25"]
[Round "3"]
[White "Demirbag, Alihan"]
[Black "Annaberdiyev, Meylis"]
[Result "1-0"]
[ECO "B25"]
[WhiteElo "2055"]
[BlackElo "2467"]
[Annotator "TA"]
[PlyCount "99"]
[EventDate "2024.06.23"]
[EventType "swiss"]
[EventCountry "TUR"]
[SourceTitle "playchess.com"]
[Source "ChessBase"]
[SourceQuality "1"]
[TimeControl "5400+30"]

1. e4 d6 2. Nc3 Nf6 3. g3 c5 4. Bg2 Nc6 5. d3 g6 6. f4 Bg7 7. Nf3 Rb8 8. O-O O-O 9. h3 b5 10. g4 b4 11. Ne2 c4 12. Be3 {[%emt 0:17:30] Prevents Qb6.} Ba6 13. Re1 Qa5 14. Ng3 {[%emt 0:07:30] White is slightly better.} cxd3 15. cxd3 Qb5 16. d4 Rbc8 17. d5 Na5 18. Bxa7 Nd7 19. Bd4 Bxd4+ 20. Nxd4 (20. Qxd4 $16 Rc2 21. Red1) 20... Qb6 $11 {[%emt 0:00:00] ...Nc5 is the strong threat.} 21. Kh2 Nc5 22. Re3 {[%emt 0:04:30] Wards off Nd3} Nc4 23. Re2 (23. Rf3 $11) 23... e5 ({Better is} 23... Nxb2 $1 $15 24. Rxb2 Nd3) 24. dxe6 fxe6 25. f5 Ne5 26. Rd2 exf5 (26... Nc4 $1 $11) 27. exf5 $16 Bb7 28. Nf3 Bxf3 29. Bxf3 Ncd3 (29... Nxf3+ $142 30. Qxf3 Nd7 31. Qd5+ Kg7) 30. Qb3+ (30. Rxd3 $18 Qf2+ 31. Kh1 Nxd3 32. Qxd3 Qxb2 33. Rf1) 30... Kg7 31. Rxd3 {[%emt 0:00:01] Strongly threatening Re3.} Qf2+ 32. Bg2 Rc2 {[%emt 0:00:30] [#]} 33. Rg1 {[%emt 0:00:00][%cal Ob3d5] aiming for Qd5!} Rxb2 34. Qd5 {[%emt 0:00:21] Threatens to win with Rb3.} Rc2 $2 {[%emt 0:04:59] This move loses the game for Black.} (34... Nxd3 $16 35. Qxd3 Qf4) 35. Qxd6 Nxd3 36. Qxd3 {[%emt 0:00:01] Hoping for Ne4.} Rc3 (36... Rd2 $142 37. Qe4 Qc5) 37. Qd6 $18 Qxa2 (37... Qc5 $142 38. f6+ Rxf6 39. Qxf6+ Kxf6 40. Ne4+ Ke5 41. Nxc5 Rxc5 42. Re1+ Kd6) 38. Qxb4 (38. Qd4+ $142 Kh6 39. Nh5 (39. Qxb4 Rfc8 $18) 39... Rxf5 40. Qg7+ (40. gxf5 Qf7 $18) (40. Qxb4 Qa5 $14) 40... Kg5 41. Qe7+ (41. gxf5 Qe2 $18) 41... Kh6 42. gxf5 gxf5 43. Nf4 (43. Qxb4 Rf3 $18)) 38... Qd2 {[%emt 0:01:21] [#]} 39. Rd1 $3 Qxd1 (39... Qe3 40. Ne4) 40. Qxc3+ Kg8 41. Qe5 {[%emt 0:00:35] Intending Bd5+ and mate.} Qc2 42. Qe6+ (42. f6 $142 h6 43. Ne2 Kh8 44. Qe7 Rg8 45. Bd5 (45. f7 Qc4 46. Qf6+ Kh7 47. Nf4 Qa2 48. Ne6 Qxe6 49. Qxe6 Rd8) 45... Qc8 46. Bxg8 Qb8+ 47. Kg1) 42... Kg7 43. Qe7+ Rf7 44. f6+ {[%emt 0:01:27][%cal Bf5f6,Bf6f7][%mdl 32] White mates.} Kg8 45. Qe8+ Rf8 46. Qe6+ Rf7 47. Ne4 Qc1 48. Qe8+ Rf8 49. f7+ Kg7 50. Qe5+ {[%emt 0:00:00] Weighted Error Value: White=0.60/Black=0.75.  Loses game:     	---       	Black=1      Mistake:       	White=4     	Black=5      Inaccurate:     	White=1     	Black=3      OK:         	White=10    	Black=8      Best:        	White=1     	Black=3} 1-0

[Event "10th Cesme Open-A 2024"]
[Site "Cesme"]
[Date "2024.06.25"]
[Round "3"]
[White "Yildiz, Serdar Murat"]
[Black "Taspinar, Yanki"]
[Result "0-1"]
[ECO "C56"]
[WhiteElo "2026"]
[BlackElo "2309"]
[Annotator "RC"]
[PlyCount "70"]
[EventDate "2024.06.23"]
[EventType "swiss"]
[EventCountry "TUR"]
[SourceTitle "playchess.com"]
[Source "ChessBase"]
[SourceQuality "1"]
[TimeControl "5400+30"]

1. e4 e5 2. Nf3 Nc6 3. Bc4 Nf6 4. d4 exd4 5. e5 Ne4 6. Qe2 Nc5 7. O-O Ne6 8. Bxe6 dxe6 9. Rd1 b6 10. Nc3 Bb7 11. Nb5 Bc5 12. c3 a6 13. cxd4 Be7 14. d5 exd5 15. Nbd4 O-O 16. Bf4 Nxd4 17. Nxd4 Bc5 18. e6 Qe7 19. Be5 Bxd4 20. exf7+ Rxf7 21. Rxd4 Re8 22. Re1 Rf5 23. f4 c5 24. Qg4 Qf7 25. Rdd1 Qg6 26. Qf3 Rf7 27. Rd2 d4 28. Qb3 Qe6 29. Qg3 Qg6 30. Qb3 h6 31. Rde2 Kh7 32. a4 d3 33. Rf2 Rxf4 34. Rd2 Rg4 35. g3 Re4 0-1

[Event "10th Cesme Open-A 2024"]
[Site "Cesme"]
[Date "2024.06.25"]
[Round "3"]
[White "Nazarian, Arash"]
[Black "Ozkan, Ervin"]
[Result "0-1"]
[ECO "C42"]
[WhiteElo "2007"]
[BlackElo "2147"]
[Annotator "RC"]
[PlyCount "126"]
[EventDate "2024.06.23"]
[EventType "swiss"]
[EventCountry "TUR"]
[SourceTitle "playchess.com"]
[Source "ChessBase"]
[SourceQuality "1"]
[TimeControl "5400+30"]

1. e4 e5 2. Nf3 Nf6 3. Nxe5 d6 4. Nf3 Nxe4 5. Nc3 Nxc3 6. dxc3 Be7 7. Be3 Nc6 8. Qd2 Be6 9. O-O-O Qd7 10. Kb1 Bf6 11. Nd4 Nxd4 12. Bxd4 Bxd4 13. Qxd4 O-O 14. h4 Rfd8 15. h5 h6 16. Be2 c5 17. Qf4 d5 18. g4 d4 19. Bd3 Qd6 20. Qxd6 Rxd6 21. Rhg1 Rad8 22. c4 Bd7 23. b3 Re8 24. Kc1 Bc6 25. Rg3 Kf8 26. g5 Be4 27. gxh6 Rxh6 28. Rdg1 Bxd3 29. cxd3 Rxh5 30. Rxg7 Re2 31. Rg8+ Ke7 32. Rb8 Rxa2 33. Rxb7+ Kf6 34. Kb1 Rd2 35. Rxa7 Rxd3 36. Ra6+ Kf5 37. Rc6 Rxb3+ 38. Ka2 Rhh3 39. Rxc5+ Kf4 40. Rgg5 Ra3+ 41. Kb2 Rhb3+ 42. Kc1 d3 43. Rb5 Rc3+ 44. Kb2 d2 45. Rbf5+ Ke4 46. Re5+ Kf3 47. Rg3+ Kxf2 48. Rxc3 Rxc3 49. Kxc3 d1=Q 50. Rf5+ Ke3 51. Rxf7 Qd2+ 52. Kb3 Qd6 53. Rb7 Qd3+ 54. Ka4 Qxc4+ 55. Ka5 Qc5+ 56. Ka6 Kd4 57. Rd7+ Ke5 58. Kb7 Ke6 59. Rc7 Qa5 60. Rc2 Qb4+ 61. Kc8 Kd6 62. Rc7 Qb5 63. Kd8 Qb6 0-1

[Event "10th Cesme Open-A 2024"]
[Site "Cesme"]
[Date "2024.06.25"]
[Round "3"]
[White "Emir, Emirhan"]
[Black "Selbes, Tamer Tarik"]
[Result "1/2-1/2"]
[ECO "A14"]
[WhiteElo "2006"]
[BlackElo "2183"]
[Annotator "RC"]
[PlyCount "206"]
[EventDate "2024.06.23"]
[EventType "swiss"]
[EventCountry "TUR"]
[SourceTitle "playchess.com"]
[Source "ChessBase"]
[SourceQuality "1"]
[TimeControl "5400+30"]

1. c4 e6 2. Nf3 Nf6 3. g3 d5 4. Bg2 Be7 5. O-O O-O 6. b3 a5 7. Nc3 c6 8. d4 Nbd7 9. Qc2 h6 10. Rd1 Re8 11. e4 dxe4 12. Ne5 Qc7 13. Nxd7 Bxd7 14. Nxe4 Nxe4 15. Bxe4 a4 16. Bf4 Qa5 17. c5 axb3 18. Qxb3 Ra7 19. a4 Bf6 20. Be5 Be7 21. Bc2 Rea8 22. Qd3 g6 23. Rab1 Qd8 24. h4 h5 25. Qe3 Bf8 26. Rb2 Bc8 27. Qf4 Bg7 28. Bc7 Qd5 29. Bb3 Qd7 30. Ra2 Qe8 31. a5 e5 32. dxe5 Be6 33. Bxe6 Qxe6 34. Rad2 Rxa5 35. Bxa5 Rxa5 36. Rd8+ Kh7 37. R8d7 Ra1 38. Rxa1 Qxd7 39. Qe4 Qe7 40. Rb1 Bxe5 41. Kg2 Qxc5 42. Rxb7 Kg7 43. Rd7 Qc3 44. Rd3 Qc5 45. Rd7 Qc3 46. Rd3 Qc5 47. Rd8 Qc3 48. Rc8 c5 49. Qd5 Qd4 50. Rxc5 Qxd5+ 51. Rxd5 Kf6 52. Kf3 Bc3 53. Ke4 Be1 54. Rd1 Bb4 55. Rb1 Bc3 56. Rb6+ Kg7 57. Rb3 Ba1 58. Kd5 Bf6 59. f4 Ba1 60. Rd3 Bb2 61. Ke4 Bf6 62. Rd7 Kf8 63. f5 g5 64. hxg5 Bxg5 65. Ke5 Kg7 66. Rd6 h4 67. g4 Be3 68. Ke4 Bc1 69. Ra6 Bd2 70. Kf3 Bc1 71. Ra1 Bg5 72. Ke4 Bf6 73. Ra6 Bg5 74. Ra8 Bd2 75. Rd8 Bg5 76. Rc8 Bd2 77. Kf3 Bg5 78. Rc3 Bd2 79. Rd3 Bc1 80. Rd1 Bg5 81. Rh1 Kh6 82. Kg2 Kg7 83. Kh3 Kf6 84. Ra1 Kg7 85. Ra8 Kh7 86. Kg2 Kg7 87. Kf3 Bd2 88. Ke4 Bg5 89. Ra3 Kh6 90. Ra6+ Kg7 91. Rc6 Bd2 92. Kd3 Bf4 93. Rc4 Bg5 94. Rc2 Bf4 95. Ke4 Bg5 96. Ke5 Be3 97. Rh2 Bg5 98. Rg2 Kh6 99. Rh2 Bd8 100. Ke4 Bg5 101. Rh3 Bd8 102. Kf4 Bc7+ 103. Kf3 Bd8 1/2-1/2

[Event "10th Cesme Open-A 2024"]
[Site "Cesme"]
[Date "2024.06.28"]
[Round "7"]
[White "Bernadskiy, Vitaliy"]
[Black "Ince, Taylan Ruzgar"]
[Result "1-0"]
[ECO "C01"]
[WhiteElo "2563"]
[BlackElo "2243"]
[Annotator "TA"]
[PlyCount "99"]
[EventDate "2024.06.23"]
[EventType "swiss"]
[EventCountry "TUR"]
[SourceTitle "playchess.com"]
[Source "ChessBase"]
[SourceQuality "1"]
[TimeControl "5400+30"]

1. e4 e6 2. d4 d5 3. exd5 exd5 4. Nf3 Bd6 5. c4 Nf6 6. c5 Be7 7. Bd3 O-O 8. h3 b6 9. cxb6 axb6 {[%emt 0:00:30] The position is equal.} 10. O-O c5 11. Nc3 Nc6 12. Bf4 Nb4 13. Bb1 Ba6 14. Re1 Re8 15. a3 Nc6 16. Bc2 Nxd4 17. Nxd4 cxd4 18. Qxd4 Bc5 19. Qd2 d4 20. Rxe8+ Qxe8 21. Re1 Qd8 22. Ne4 {[%emt 0:05:30] [#] Threatens to win with Nxf6+.} d3 23. Bb3 Nxe4 24. Rxe4 Qd7 25. Bh6 Qd6 (25... gxh6 26. Rg4+ Kf8 27. Qxh6+ Ke7 28. Qg5+ (28. Qxh7 $2 Rf8 $19) 28... Kd6 29. Qd5+ Kc7 30. Qxa8 $16) 26. Rg4 Bd4 27. Bf4 Qf6 (27... Qc6 $11 {deserves consideration.}) 28. Bg5 Qe5 (28... Qd6 $1 $11) 29. Bh6 (29. Qb4 $5 Bc5 30. Bxf7+ Kh8 (30... Kxf7 31. Qb3+ Ke8 32. Qg8+ Bf8 33. Rf4 $16) 31. Qe4 Qxe4 32. Rxe4 $16) 29... Qd6 $1 30. Be3 {[%emt 0:04:30] Really sharp!} Bxe3 31. Qxe3 {[%emt 0:00:30][%cal Ob3f7] Bxf7+! would now be deadly.} Rd8 32. Qf3 Rf8 (32... Qe7 $1 $11 {remains equal.}) 33. Rf4 $16 {[%emt 0:02:30][%cal Rf4f7] White is more active.} Qc7 34. Qe3 $40 {[%emt 0:01:30][%cal Of4f7][%mdl 128] Prevents d2. White wants a kill.} Bb5 35. a4 Bd7 (35... Bc6 $1 $14) 36. Rc4 Qb8 37. Qxd3 Be6 (37... Re8 $16 38. Qd2 (38. Qxd7 $2 Re1#) 38... Be6) 38. Rh4 $18 h6 39. Bxe6 fxe6 {[%emt 0:00:03][%mdl 4096] Endgame. KQR-KQR} 40. Qe3 {[%emt 0:00:00][%cal Oh4b4] Dodges Qe5. And now Rb4! would win.} Qd6 41. Rd4 Qc6 (41... Qe7 $142 42. b3 Rf6) 42. Rb4 Rb8 43. Rg4 Qd7 44. Kh2 (44. Qxh6 $2 Qd1+ 45. Kh2 Qxg4 $19) 44... Qc7+ (44... Qd6+ {is a better defense.} 45. Qg3 Qxg3+ 46. Kxg3 Kf7) 45. g3 Qf7 (45... Kh8 {keeps fighting.} 46. Rb4 (46. Qxe6 Qc2 $16) 46... Qc2) 46. Rb4 (46. Qxh6 Qxf2+ 47. Kh1 Qf1+ 48. Kh2 Qe2+ 49. Kg1 Qxg4 $19 (49... Qxb2 50. Qxe6+ Kf8 51. Rf4+)) 46... Rf8 47. Kg1 (47. Qxb6 e5 48. Qe3 Qe7 49. Qb3+ Rf7 $18) 47... e5 $2 (47... Qd7 {was necessary.} 48. Qd4 (48. Rxb6 Qxa4 49. Qxe6+ Kh8 $18) 48... Qxd4 49. Rxd4 Rc8) 48. Rxb6 {[%emt 0:00:30][%cal Oa4a5] [#] Hoping for a5!} (48. Qxe5 $2 Qxf2+ 49. Kh1 Qf1+ 50. Kh2 Rf2#) 48... Qf5 49. Kg2 {[%emt 0:00:30] Strongly threatening a5.} Qc2 $2 (49... Qc8 {was called for.} 50. Rb4 (50. Qxe5 Qa8+ 51. Kg1 Qxa4 $18) 50... Kh8 51. Qxe5 Qc6+ 52. Qe4 Qxe4+ 53. Rxe4 Ra8) 50. Qb3+ {[%emt 0:00:30] Weighted Error Value: White=0.20 (precise) /Black=0.36.  Mistake:       	---       	Black=10     Inaccurate:     	White=9     	Black=2      OK:         	White=21    	Black=10     Best:        	White=3     	Black=3      Strong:       	---       	Black=1} (50. Qxe5 $2 {gets mated.} Qxf2+ (50... Rxf2+ {is a self mate.} 51. Kg1 Rg2+ 52. Kh1 Rh2+ 53. Kg1 Qg2#) 51. Kh1 Qf1+ 52. Kh2 Rf2#) 1-0

[Event "10th Cesme Open-A 2024"]
[Site "Cesme"]
[Date "2024.06.28"]
[Round "7"]
[White "Kovalev, Vladislav"]
[Black "Zerey, Demhat"]
[Result "1/2-1/2"]
[ECO "D02"]
[WhiteElo "2559"]
[BlackElo "2038"]
[Annotator "RC"]
[PlyCount "177"]
[EventDate "2024.06.23"]
[EventType "swiss"]
[EventCountry "TUR"]
[SourceTitle "playchess.com"]
[Source "ChessBase"]
[SourceQuality "1"]
[TimeControl "5400+30"]

1. d4 d5 2. Nf3 Nf6 3. Bf4 e6 4. e3 Bd6 5. Bg3 O-O 6. Nbd2 c5 7. c3 Qc7 8. Bxd6 Qxd6 9. Ne5 Nfd7 10. Ndf3 Nc6 11. Nxd7 Bxd7 12. Qb3 c4 13. Qc2 b5 14. Be2 Rab8 15. a3 a5 16. O-O b4 17. axb4 axb4 18. e4 b3 19. Qc1 Ra8 20. Qe3 Ra2 21. e5 Qc7 22. Rxa2 bxa2 23. Ra1 Ra8 24. Bd1 Qb8 25. Qd2 Ne7 26. Ne1 Ng6 27. g3 f6 28. exf6 gxf6 29. Ng2 Kh8 30. Ne3 Ne7 31. Ng4 Ng8 32. Ne3 Be8 33. Ng2 Ra6 34. Nf4 Bg6 35. Bg4 Bf7 36. h4 e5 37. Bh5 Bxh5 38. Nxh5 Qe8 39. Qd1 Qg6 40. Kg2 Qe4+ 41. Qf3 Qb1 42. dxe5 Qxa1 43. Qg4 Qh1+ 44. Kxh1 a1=Q+ 45. Kh2 Ra7 46. exf6 h6 47. Qd4 Rf7 48. g4 Qa7 49. Qxa7 Rxa7 50. Kg3 Kh7 51. f4 Kg6 52. f5+ Kf7 53. g5 hxg5 54. hxg5 Kf8 55. Nf4 Nxf6 56. gxf6 Ra5 57. Kg4 Kf7 58. Kg5 Rb5 59. Ng6 Rxb2 60. Ne5+ Kf8 61. Kf4 d4 62. cxd4 c3 63. Ke3 Rd2 64. Nd3 Kf7 65. Nb4 Rd1 66. Ke4 Rd2 67. Ke3 Rd1 68. Ke4 Rb1 69. Nc2 Rh1 70. Kd3 Rh3+ 71. Kc4 Kxf6 72. d5 Kxf5 73. Kd4 Kf6 74. Na3 Ke7 75. Kc4 Kd7 76. Kd4 Rg3 77. Kc4 Kc8 78. Kb4 Kb7 79. Kc4 Kb6 80. Kb4 Ka6 81. Kc4 Ka5 82. d6 Kb6 83. d7 Kc7 84. Nb5+ Kxd7 85. Nxc3 Kc6 86. Ne4 Rh3 87. Kd4 Rh5 88. Kc4 Rd5 89. Nc3 1/2-1/2